 Dungeon Crawl Stone Soup version 0.21.0 (webtiles) character file.

83 Hekarica the Magician (level 4, -3/30 HPs)
             Began as a Mummy Fire Elementalist on May 25, 2018.
             Slain by an orc
             ... wielding a +0 hand axe
              (5 damage)
             ... on level 3 of the Dungeon.
             The game lasted 00:08:14 (1767 turns).

Hekarica the Magician (Mummy Fire Elementalist)     Turns: 1767, Time: 00:08:15

Health: -3/30      AC:  4    Str: 11    XL:     4   Next: 22%
Magic:  9/9        EV: 12    Int: 15    God:
Gold:   38         SH:  0    Dex: 12    Spells: 9/10 levels left

rFire    x . .     SeeInvis .   l - +1 dagger (venom)
rCold    + . .     Gourm    .   (no shield)
rNeg     + + +     Faith    .   d - +0 robe
rPois    ∞         Spirit   .   i - +0 helmet
rElec    .         Reflect  .   (no cloak)
rCorr    .         Harm     .   c - +0 pair of gloves
MR       .....                  (no boots)
Stlth    ++........             (no amulet)
HPRegen  0.10/turn              (no ring)
MPRegen  0.11/turn              (no ring)

@: no status effects
A: no food or potions, fire vulnerability, cold resistance 1, negative energy
resistance 3, torment resistance, unbreathing
a: no special abilities


You were on level 3 of the Dungeon.
You were not hungry.

You visited 1 branch of the dungeon, and saw 3 of its levels.

You collected 38 gold pieces.

Inventory:

Hand Weapons
 a - a +0 dagger of speed
 l - a +1 dagger of venom (weapon)
Armour
 c - a +0 pair of gloves (worn)
 d - a +0 robe (worn)
 i - a +0 helmet (worn)
Scrolls
 e - a scroll of remove curse
Books
 b - a book of Flames

   Spells                             Type                      Level
   a - Flame Tongue                   Conjuration/Fire             1
   b - Throw Flame                    Conjuration/Fire             2
   c - Conjure Flame                  Conjuration/Fire             3
   d - Inner Flame                    Hexes/Fire                   3
   e - Sticky Flame                   Conjuration/Fire             4
   f - Fireball                       Conjuration/Fire             5


   Skills:
 - Level 2.0 Dodging
 - Level 2.0 Stealth
 + Level 3.6 Spellcasting
 + Level 1.7 Conjurations
 + Level 3.0 Fire Magic


You had 9 spell levels left.
You knew the following spells:

 Your Spells              Type           Power        Failure   Level  Hunger
a - Flame Tongue          Conj/Fire      #....        7%          1    N/A

Dungeon Overview and Level Annotations

Branches:
Dungeon (3/15)

Altars:
Cheibriados
Kikubaaqudgha
Qazlal
Trog
Xom


Innate Abilities, Weirdness & Mutations

You do not eat or drink.
Your flesh is vulnerable to fire.
You are immune to poison.
Your flesh is cold resistant. (rC+)
You are immune to negative energy. (rN+++)
You are immune to unholy pain and torment.
You can survive without breathing.


Message History

You closely miss the orc. The orc completely misses you.
The orc closely misses you.
You hit the orc.
The orc is poisoned.
The orc is moderately wounded.
The orc closely misses you. x2
You hit the orc but do no damage.
The orc is moderately wounded.
The orc hits you but does no damage.
You hit the orc.
The orc looks even sicker.
The orc is heavily wounded.
The orc closely misses you.
You hit the orc but do no damage.
The orc looks as sick as possible!
The orc is heavily wounded.
The orc hits you from afar with a trident.
* * * LOW HITPOINT WARNING * * *
The orc misses you.
You barely miss the orc.
The orc is severely wounded.
The orc closely misses you. The orc hits you with a hand axe.
You die...

#......o..##.######'#.#.#
#.........##.# #.#...#
#.........##.######.#....
#....oo....#....#........
######)###.####.#......##
#...#.# #.###.#...!
##########o#.#
#.#...#....
.........#o#.#
#.#.#.#....
########.#@#.#
#.#.#.#.... ######...#.#
#.#.#.#...( #.....####.#
#.#.#.##... #.###......#
#.#.#....## #..#####
#.#.###.... #>..†..#
#.#.# #.###
#.####.####.#.# #.#
#.#..#......#.###.#
#.#.#########.....#


You could see 2 orcs.

Vanquished Creatures
  Jessica (D:3)
  An adder (D:3)
  A worm (D:2)
  2 leopard geckos
  3 orcs (D:3)
  4 giant cockroaches
  6 goblins
  5 hobgoblins
  5 kobolds
  6 bats
  2 frilled lizards
  2 rats (D:1)
38 creatures vanquished.

Notes
Turn   | Place    | Note
-------+----------+-------------------------------------------
     0 | D:1      | Hekarica the Mummy Fire Elementalist began the quest for the Orb.
     0 | D:1      | Reached XP level 1. HP: 13/13 MP: 4/4
   208 | D:1      | Reached skill level 1 in Conjurations
   209 | D:1      | Reached XP level 2. HP: 18/19 MP: 0/5
   577 | D:1      | Found an ancient bone altar of Kikubaaqudgha.
   579 | D:1      | Found a shimmering altar of Xom.
   579 | D:1      | Found a shimmering altar of Xom.
   582 | D:1      | Found a snail-covered altar of Cheibriados.
   582 | D:1      | Found a bloodstained altar of Trog.
   582 | D:1      | Found a shimmering altar of Xom.
   959 | D:2      | Found a bloodstained altar of Trog.
   984 | D:2      | Found a stormy altar of Qazlal.
   984 | D:2      | Noticed an earth elemental
   987 | D:2      | Noticed an air elemental
   987 | D:2      | Noticed a fire elemental
   987 | D:2      | Noticed a water elemental
  1148 | D:2      | Reached XP level 3. HP: 19/24 MP: 1/7
  1183 | D:2      | Learned a level 1 spell: Flame Tongue
  1534 | D:3      | Noticed Jessica
  1542 | D:3      | Killed Jessica
  1577 | D:3      | Reached XP level 4. HP: 24/30 MP: 7/9
  1767 | D:3      | Slain by an orc

Skill      XL: |  1  2  3  4 |
---------------+-------------+-----
Conjurations   | 1 |  1.7
Spellcasting   | 3 |  3.6
Stealth        | 2 |  2.0
Dodging        | 2 |  2.0
Fire Magic     | 3 |  3.0

Action                   |  1- 3 |  4- 6 || total
-------------------------+-------+-------++-------
Melee: Unarmed           |     4 |       ||     4
       Club              |     3 |       ||     3
       Dagger            |    25 |    38 ||    63
 Cast: Flame Tongue      |    44 |     3 ||    47
  Use: Scroll            |     7 |       ||     7
 Stab: Sleeping          |     1 |       ||     1
Armor: Robe              |    10 |     8 ||    18
Dodge: Dodged            |    28 |    24 ||    52
